 Dungeon Crawl Stone Soup version 0.21-a0-260-g9b2435e (webtiles) character file.

14105 GordonOverkill the Slicer (level 12, -11/77 HPs)
             Began as an Octopode Assassin on Sept 7, 2017.
             Was a High Priest of Okawaru.
             Shot with an arrow by a centaur warrior (20 damage)
             ... on level 11 of the Dungeon.
             The game lasted 00:40:34 (16689 turns).

GordonOverkill the Slicer (Octopode Assassin)      Turns: 16689, Time: 00:40:35

Health: -11/77     AC:  1    Str: 15    XL:     12   Next: 13%
Magic:  8/22       EV: 14    Int: 16    God:    Okawaru [*****.]
Gold:   204        SH:  8    Dex: 19    Spells: 13/25 levels left

rFire    + . .     SeeInvis .   a - +2 short sword (venom)
rCold    . . .     Gourm    .   H - +2 buckler
rNeg     . . .     Faith    +   (helmet restricted)
rPois    .         Spirit   .   y - amulet of faith
rElec    .         Reflect  .   x - +5 ring of strength
rCorr    .         Harm     .   w - ring of fire
MR       .....                  M - +3 ring of dexterity
Stlth    ++++++....             O - ring of protection from cold
HPRegen  0.22/turn              (no ring)
MPRegen  0.18/turn              (no ring)
                                (no ring)
                                (no ring)

@: no status effects
A: almost no armour, stealthy swim, amphibious, 8 rings, constrict 8, camouflage
1, gelatinous body 1
a: Heroism, Finesse, Renounce Religion


You were on level 11 of the Dungeon.
You worshipped Okawaru.
Okawaru was extremely pleased with you.
You were not hungry.

You visited 2 branches of the dungeon, and saw 12 of its levels.
You also visited: Sewer.

You collected 575 gold pieces.
You spent 371 gold pieces at shops.

Inventory:

Hand Weapons
 a - a +2 short sword of venom (weapon)
 b - a +0 blowgun
 u - a +2 dagger
 E - a +1 antimagic short sword
Missiles
 d - 4 curare-tipped needles
 G - 27 poisoned needles
 I - a throwing net (quivered)
Armour
 H - a +2 buckler (worn)
 N - a +1 buckler of positive energy
Jewellery
 w - a ring of fire (right tentacle)
 x - a +5 ring of strength (left tentacle)
 y - an amulet of faith (around mantle)
 M - a +3 ring of dexterity (on tentacle)
 O - a ring of protection from cold (on tentacle)
Wands
 c - a wand of confusion (11/48)
 g - a wand of disintegration (0/24)
 j - a wand of acid (6/15)
 k - a wand of flame (24/48)
 n - a wand of confusion (40/48)
 q - a wand of lightning (6/15)
 r - a wand of acid (8/15)
 t - a wand of confusion (17/48)
 B - a wand of acid (8/15)
 L - a wand of digging (14/24)
Scrolls
 l - a scroll of random uselessness
 m - a scroll of remove curse
 v - a scroll of recharging
 C - a scroll of magic mapping
 J - 2 scrolls of teleportation
 Q - a scroll of summoning
 R - 3 scrolls of identify
Potions
 e - a potion of resistance
 i - 8 potions of flight
 p - 3 potions of lignification
 s - 2 potions of ambrosia
 z - 4 potions of brilliance
 A - a potion of agility
 D - a potion of haste
 F - a potion of mutation
Comestibles
 f - 4 bread rations
 h - 2 royal jellies
 o - 9 meat rations


   Skills:
 + Level 5.6 Fighting
 - Level 12.4 Short Blades
 - Level 2.0 Throwing
 + Level 2.1 Dodging
 - Level 10.0 Stealth
 - Level 4.6 Shields
 + Level 7.0 Spellcasting
 - Level 7.5 Hexes
 - Level 5.0 Ice Magic
 + Level 4.4 Invocations


You had 13 spell levels left.
You knew the following spells:

 Your Spells              Type           Power        Failure   Level  Hunger
a - Ensorcelled Hibernat  Hex/Ice        ####..       1%          2    None
b - Confuse               Hex            ####....     1%          3    ##.....
c - Tukima's Dance        Hex            ####....     1%          3    ##.....
d - Dazzling Spray        Conj/Hex       ###...       8%          3    ##.....
e - Corona                Hex            ####...      1%          1    None


Dungeon Overview and Level Annotations

Branches:
Dungeon (11/15)            Temple (1/1) D:4            Lair (0/6) D:10
    Orc: D:9-12

Altars:
Ashenzari
Cheibriados
Dithmenos
Elyvilon
Fedhas
Gozag
Hepliaklqana
Kikubaaqudgha
Makhleb
Nemelex Xobeh
Okawaru
Qazlal
Ru
Sif Muna
Trog
Uskayaw
Vehumet
Wu Jian
Xom
Yredelemnul
Zin
The Shining One

Shops:
D:2 *   D:4 (   D:10 ((?[

Annotations:
D:2 1 runed door
D:9 exclusion: obsidian statue


Innate Abilities, Weirdness & Mutations

You cannot wear most types of armour.
You are very stealthy in the water. (Stealth+)
You are amphibious.
You can wear up to eight rings at the same time.
You can use your tentacles to constrict eight enemies at once.
Your skin changes colour to match your surroundings (Stealth+).
Your rubbery body absorbs attacks. (AC +1, EV +1)


Message History

Aim: a yak (almost dead, chance to defeat MR: 54%)
The yak looks drowsy...
The centaur warrior shouts!
The centaur warrior unwields an uncursed rapier.
The centaur warrior wields a shortbow.
The centaur warrior shoots an arrow.
The arrow hits you!!
* * * LOW HITPOINT WARNING * * *
The helpless yak fails to defend itself.
You perforate the yak like a sieve!!!!
You kill the yak!
Okawaru accepts your kill.
The centaur warrior shoots an arrow.
The arrow barely misses you.
Okay, then.
Okay, then.
As you read the scroll of fog, it crumbles to dust.
The scroll dissolves into smoke.
The centaur warrior shoots an arrow.
The arrow hits you!
* * * LOW HITPOINT WARNING * * *
The centaur warrior shoots an arrow.
The arrow hits you!!
You die...

.#######'####......#
#..
............########
### ............# #.
............# ..##
#. .#######....#
..... #. #####....#
..... #. #.......YY#
...... ##
'...#####§##......
#. #.. #(.§Y§@§....#
#> # #.#§§§§#....#
#. #.#..§§# .....
.... #.#....# ....
.### ##.#....# ..<
#.. .'.#....# ## #.#
#.c....# #......#
#..###)#


You could see a centaur warrior and 3 yaks.

Vanquished Creatures
  A centaur warrior (D:10)
  A two-headed ogre (D:11)
  An unseen horror (D:11)
  Pikel (D:4)
  A deep elf mage (D:11)
  An ugly thing (D:11)
  Maurice (D:8)
  Joseph (D:7)
  A troll (D:10)
  A wraith (D:11)
  2 wyverns
  18 yaks
  3 hungry ghosts
  2 ice beasts (D:10)
  2 phantoms
  A sky beast (D:10)
  4 slaves (D:4)
  An eye of draining (D:9)
  An orc warrior (D:11)
  3 ogres
  7 centaurs
  A crocodile (D:10)
  3 big kobolds
  A gnoll sergeant (D:5)
  14 bullfrogs
  A wyvern zombie (D:10)
  A water moccasin skeleton (D:8)
  3 scorpions
  9 wights
  20 killer bees
  5 howler monkeys
  5 crimson imps
  A quasit (D:10)
  A bullfrog zombie (D:7)
  2 jellies
  4 hounds
  3 orc priests
  A bullfrog skeleton (D:4)
  2 centaur skeletons
  4 orc wizards
  5 iguanas
  4 worker ants
  2 hound skeletons
  A howler monkey zombie (D:8)
  A worker ant zombie (D:7)
  6 gnolls
  11 adders
  2 shadow imps
  8 oozes
  An adder zombie (D:7)
  2 adder skeletons
  7 worms
  A dart slug (D:4)
  4 leopard geckos
  34 orcs
  14 bats
  6 giant cockroaches
  2 goblins
  6 hobgoblins
  7 jackals
  22 kobolds
  7 quokkas
  4 ball pythons
  4 frilled lizards
  A giant cockroach zombie (D:6)
  6 rats
303 creatures vanquished.

Notes
Turn   | Place    | Note
-------+----------+-------------------------------------------
     0 | D:1      | GordonOverkill the Octopode Assassin began the quest for the Orb.
     0 | D:1      | Reached XP level 1. HP: 14/14 MP: 1/1
   274 | D:1      | Reached XP level 2. HP: 19/19 MP: 2/2
   925 | D:2      | Reached XP level 3. HP: 18/24 MP: 3/3
  1482 | D:2      | Reached skill level 3 in Short Blades
  1488 | D:2      | Learned a level 2 spell: Ensorcelled Hibernation
  1729 | D:2      | Found a runed door.
  1922 | D:2      | Found Zin's Purification Station.
  1922 | D:2      | Found a glowing silver altar of Zin.
  2095 | D:2      | Found a white marble altar of Elyvilon.
  2098 | D:2      | Found a sparkling altar of Nemelex Xobeh.
  2100 | D:2      | Found a snail-covered altar of Cheibriados.
  2100 | D:2      | Found a glowing golden altar of the Shining One.
  2100 | D:2      | Found a hide-covered altar of Uskayaw.
  2100 | D:2      | Found a blossoming altar of Fedhas.
  2101 | D:2      | Found a stormy altar of Qazlal.
  2102 | D:2      | Found a sacrificial altar of Ru.
  2105 | D:2      | Found an opulent altar of Gozag.
  2249 | D:2      | Reached XP level 4. HP: 29/30 MP: 4/4
  2778 | D:3      | Reached skill level 1 in Spellcasting
  2778 | D:3      | Reached skill level 1 in Ice Magic
  2810 | D:3      | Reached skill level 1 in Hexes
  2810 | D:3      | Reached XP level 5. HP: 29/35 MP: 6/6
  3474 | D:4      | Learned a level 3 spell: Confuse
  3513 | D:4      | Reached XP level 6. HP: 38/40 MP: 9/9
  3759 | D:4      | Found Tegao's Weapon Boutique.
  3785 | D:4      | Noticed a slave
  3787 | D:4      | Noticed Pikel
  3807 | D:4      | Killed a slave
  3918 | D:4      | Noticed a slave
  3934 | D:4      | Killed a slave
  4325 | D:4      | Noticed a slave
  4340 | D:4      | Killed a slave
  4418 | D:4      | Noticed a slave
  4430 | D:4      | Killed a slave
  4441 | D:4      | Killed Pikel
  4441 | D:4      | Reached XP level 7. HP: 15/45 MP: 7/11
  4801 | D:4      | Found a staircase to the Ecumenical Temple.
  4810 | Temple   | Entered the Ecumenical Temple
  4940 | Temple   | Became a worshipper of Warmaster Okawaru
  4990 | D:5      | Entered Level 5 of the Dungeon
  5005 | D:5      | Found a glowing drain.
  5036 | Sewer    | Entered a sewer
  5314 | Sewer    | Reached XP level 8. HP: 45/51 MP: 13/13
  5622 | D:5      | Reached skill level 1 in Shields
  5812 | D:5      | Learned a level 3 spell: Tukima's Dance
  5860 | D:5      | Reached skill level 12 in Short Blades
  5860 | D:5      | Reached XP level 9. HP: 55/55 MP: 14/14
  6309 | D:6      | You fall through a shaft!
  6369 | D:7      | Reached * piety under Okawaru
  6510 | D:7      | Reached ** piety under Okawaru
  6990 | D:7      | Reached XP level 10. HP: 61/61 MP: 16/16
  7196 | D:7      | Noticed Joseph
  7463 | D:6      | Found a basalt altar of Yredelemnul.
  7562 | D:6      | Learned a level 3 spell: Dazzling Spray
  7564 | D:6      | Learned a level 1 spell: Corona
  8880 | D:7      | Killed Joseph
  8880 | D:7      | Reached *** piety under Okawaru
  8930 | D:8      | Reached skill level 5 in Hexes
  9188 | D:7      | Reached **** piety under Okawaru
  9330 | D:8      | Found a hazy altar of Hepliaklqana.
  9337 | D:8      | Reached skill level 5 in Ice Magic
  9891 | D:8      | Reached skill level 5 in Spellcasting
 10010 | D:8      | Received a gift from Okawaru
 10256 | D:8      | Noticed Maurice
 11185 | D:8      | Killed Maurice
 11185 | D:8      | Reached XP level 11. HP: 60/67 MP: 12/18
 11263 | D:8      | Found a hazy altar of Hepliaklqana.
 11894 | D:9      | Noticed an obsidian statue
 12255 | D:9      | Reached skill level 10 in Stealth
 12368 | D:9      | Reached ***** piety under Okawaru
 12634 | D:10     | Entered Level 10 of the Dungeon
 12643 | D:10     | Noticed a centaur warrior
 12647 | D:10     | Killed a centaur warrior
 12657 | D:10     | Found Gyori's Weapon Emporium.
 12720 | D:10     | Found Cowes's Magic Scroll Shop.
 12724 | D:10     | Bought a scroll of blinking for 105 gold pieces
 12724 | D:10     | Bought a scroll of fear for 49 gold pieces
 12724 | D:10     | Bought a scroll of summoning for 133 gold pieces
 12724 | D:10     | Bought a scroll of identify for 28 gold pieces
 12724 | D:10     | Bought a scroll of identify for 28 gold pieces
 12724 | D:10     | Bought a scroll of identify for 28 gold pieces
 13062 | D:10     | Found a staircase to the Lair.
 13216 | D:10     | Received a gift from Okawaru
 13216 | D:10     | Reached skill level 1 in Invocations
 13377 | D:10     | Found Bidav's Antique Armour Shoppe.
 13955 | D:10     | Received a gift from Okawaru
 14114 | D:10     | Found Woihef's Antique Weapon Shoppe.
 14138 | D:10     | Found Moddepnu's Antique Weapon Shoppe.
 15147 | D:11     | Noticed an unseen horror
 15150 | D:11     | Killed an unseen horror
 15434 | D:11     | Reached skill level 5 in Fighting
 15467 | D:11     | Noticed a deep elf mage
 15867 | D:11     | Killed a deep elf mage
 16027 | D:11     | Noticed a red ugly thing
 16041 | D:11     | Killed a red ugly thing
 16218 | D:11     | Noticed a two-headed ogre
 16223 | D:11     | Killed a two-headed ogre
 16223 | D:11     | Reached XP level 12. HP: 77/77 MP: 15/22
 16686 | D:11     | Noticed a centaur warrior
 16689 | D:11     | Shot with an arrow by a centaur warrior

Vault maps used:
D:1:      dpeg_arrival_short_road, minmay_misc_feat_four_crosses
D:2:      minitemple, zin_purify, uniq_crazy_yiuf_cottage
D:3:      serial_glass, glass_columns_a, glass_columns_a, glass_columns_b,
          glass_columns_a
D:4:      lemuel_temple_firewalk_b, serial_shops, nicolae_shop_behind_doors,
          roderic_malta_cross, uniq_pikel
D:5:      cheibrodos_sewer_entry_sluice, first_bread
D:6:      basic_altar
D:7:      minivault_26, uniq_joseph
D:8:      lemuel_round_altar, uniq_maurice
D:9:      minmay_protected_statue
D:10:     lair_entry_dummy, serial_shops, shop, nicolae_shop_behind_doors,
          nicolae_shop_overgrown_old_shop, shop_statue,
          nicolae_shop_temple_entry_statues_fountains
D:11:     uniq_grum, uniq_erica
Temple:   jpeg_temple_clearing
Sewer:    sewer_fruit_machine

Skill      XL: |  1  2  3  4  5  6  7  8  9 10 11 12 |
---------------+-------------------------------------+-----
Short Blades   | 3 12 | 12.4
Stealth        | 6 8 9 10 | 10.0
Spellcasting   | 1 2 3 4 5 6 7 |  7.0
Ice Magic      | 1 3 4 5 |  5.0
Hexes          | 1 3 4 5 7 |  7.5
Shields        | 1 3 4 |  4.6
Fighting       | 3 5 |  5.6
Invocations    | 4 |  4.4
Dodging        | 2 |  2.1
Throwing       | |  2.0

Action                   |  1- 3 |  4- 6 |  7- 9 | 10-12 || total
-------------------------+-------+-------+-------+-------++-------
Melee: Dagger            |    52 |    13 |       |       ||    65
       Constrict         |    13 |    23 |    17 |    67 ||   120
       Tentacles         |     6 |    23 |    16 |   113 ||   158
       Short sword       |       |    83 |   100 |   442 ||   625
 Fire: Blowgun           |    15 |    13 |       |     6 ||    34
 Cast: Ensorcelled Hiber |       |     1 |     7 |   117 ||   125
       Confuse           |       |       |    13 |    49 ||    62
       Tukima's Dance    |       |       |     1 |       ||     1
       Corona            |       |       |       |     1 ||     1
Evoke: Wand              |       |       |     2 |    17 ||    19
  Use: Scroll            |       |       |    18 |    17 ||    35
       Potion            |       |       |     1 |     4 ||     5
 Stab: Sleeping          |     7 |    12 |    26 |    79 ||   124
       Confused          |       |       |     4 |    15 ||    19
       Invisible         |       |       |       |     4 ||     4
       Distracted        |       |       |       |     3 ||     3
  Eat: Chunk             |     3 |     8 |    11 |    21 ||    43
       Fruit             |       |       |       |     6 ||     6
       Royal jelly       |       |       |       |     4 ||     4
Armor: Skin              |     4 |     3 |     5 |     7 ||    19
Dodge: Dodged            |    31 |    50 |    36 |   163 ||   280
Block: Buckler           |       |       |       |    82 ||    82

Table legend:
 A = Spawn XP
 B = Non-spawn XP
 C = Spawn XP percentage of total XP
 D = Spawn monster count
 E = Non-spawn monster count
 F = Spawn count percentage of total count
 G = Total turns spent on level
                    A         B        C        D         E        F      G
               +---------+---------+-------+---------+---------+-------+---------
         Total |       0 |   18733 |   0.0 |       0 |     299 |   0.0 | 16689
               +---------+---------+-------+---------+---------+-------+---------
           D:1 |       0 |      26 |   0.0 |       0 |      17 |   0.0 |   909
           D:2 |       0 |      78 |   0.0 |       0 |      16 |   0.0 |  1808
           D:3 |       0 |     125 |   0.0 |       0 |      20 |   0.0 |   912
           D:4 |       0 |     909 |   0.0 |       0 |      15 |   0.0 |  1251
           D:5 |       0 |     365 |   0.0 |       0 |       8 |   0.0 |   668
           D:6 |       0 |     659 |   0.0 |       0 |      14 |   0.0 |   694
           D:7 |       0 |    3246 |   0.0 |       0 |      38 |   0.0 |  2235
           D:8 |       0 |    2694 |   0.0 |       0 |      38 |   0.0 |  2624
           D:9 |       0 |    1082 |   0.0 |       0 |      21 |   0.0 |  1037
          D:10 |       0 |    3001 |   0.0 |       0 |      43 |   0.0 |  1838
          D:11 |       0 |    6464 |   0.0 |       0 |      43 |   0.0 |  2017
         Sewer |       0 |      84 |   0.0 |       0 |      26 |   0.0 |   554
               +---------+---------+-------+---------+---------+-------+---------
